 Dungeon Crawl Stone Soup version 0.28-a0-1493-g08698888e4 (webtiles) character file.

Game seed: 9555436052645932981

12364 numbers123456 the Fighter (level 11, -2/157 HPs)
             Began as a Minotaur Berserker on Jan 12, 2022.
             Was a High Priest of Trog.
             Killed from afar by a death drake (16 damage)
             ... with a foul vapour
             ... on level 1 of the Abyss.
             The game lasted 01:29:34 (14884 turns).

numbers123456 the Fighter (Minotaur Berserker)     Turns: 14884, Time: 01:29:35

Health: -2/157     AC: 20    Str: 26    XL:     11   Next: 61%
Magic:  10/10      EV:  8    Int:  4    God:    Trog [*****.]
Gold:   428        SH:  0    Dex: 10    Spells: 10/10 levels left

rFire   + . .      SeeInvis .   H - +4 broad axe (flame)
rCold   . . .      Faith    .   (no shield)
rNeg    . . .      Spirit   .   W - +2 plate armour {rC+}
rPois   .          Reflect  .   (helmet restricted)
rElec   .          Harm     .   (no cloak)
rCorr   +          Rampage  .   (no gloves)
Will    .....                   u - +1 pair of boots {Fly}
Stlth   ..........              e - amulet of the acrobat
HPRegen 0.36/turn               C - ring of resist corrosion
MPRegen 0.12/turn               D - ring of fire

@: berserking, lethally poisoned (-2 -> -30), about to teleport, flying, slowed
A: horns 2, retaliatory headbutt
a: Renounce Religion, Berserk, Trog's Hand, Brothers in Arms


You were on level 1 of the Abyss.
You worshipped Trog.
Trog was extremely pleased with you.
You visited 2 branches of the dungeon, and saw 13 of its levels.
You visited the Abyss 1 time.

You collected 702 gold pieces.
You spent 274 gold pieces at shops.

Inventory:

Hand Weapons
 j - a +3 scimitar of flaming
 o - a +4 flail of freezing
 E - a +0 whip of electrocution
 H - a +4 broad axe of flaming (weapon)
 M - a +0 flail of protection
 Z - a +2 whip of venom
Missiles
 d - 234 stones
 i - 32 poisoned darts (quivered)
 q - 51 bolts
 B - 83 sling bullets
 L - 2 atropa-tipped darts
 Y - 4 boomerangs
Armour
 b - a +2 pair of boots
 p - an orb of mayhem
 u - a +1 pair of boots of flying (worn)
 R - a +0 plate armour
 W - a +2 plate armour of cold resistance (worn)
Jewellery
 e - an amulet of the acrobat (around neck)
 n - a ring of fire
 x - a ring of magical power
 z - a ring of positive energy
 C - a ring of resist corrosion (left hand)
 D - a ring of fire (right hand)
Wands
 w - a wand of iceblast (3)
 N - a wand of acid (5)
 X - a wand of digging (8)
Scrolls
 f - a scroll of torment {unknown}
 g - a scroll of teleportation
 h - a scroll of immolation
 k - a scroll of enchant armour {unknown}
 l - a scroll of brand weapon {unknown}
 r - 5 scrolls of identify
 s - 3 scrolls of amnesia {unknown}
 A - a scroll of noise {unknown}
 K - a scroll of holy word {unknown}
 O - 2 scrolls of silence {unknown}
 Q - a scroll of vulnerability {unknown}
 S - a scroll of blinking {unknown}
 T - a scroll of enchant weapon {unknown}
 U - a scroll of magic mapping {unknown}
Potions
 a - 2 potions of degeneration
 c - a potion of haste {unknown}
 m - a potion of ambrosia {unknown}
 v - 3 potions of cancellation
 F - 3 potions of magic {unknown}
 G - a potion of attraction {unknown}
 I - 3 potions of heal wounds
 J - 3 potions of curing
 P - 2 potions of lignification
 V - a potion of brilliance {unknown}


   Skills:
 + Level 12.5 Fighting
 + Level 12.5 Axes
 - Level 3.2 Throwing
 + Level 12.2 Armour
 - Level 2.2 Dodging
 - Level 5.2 Evocations


You had 10 spell levels left.
You didn't know any spells.
Your spell library contained the following spells:

 Spells                   Type           Power      Damage    Failure   Level
 Foxfire                  Conj/Fire      0%         2x1d4     99%         1
 Scorch                   Fire           0%         2d5       100%        2
 Conjure Flame            Conj/Fire      0%         6-21      100%        3
 Inner Flame              Hex/Fire       0%         N/A       100%        3
 Flame Wave               Conj/Fire      0%         2d4       100%        4
 Summon Cactus Giant      Summ           0%         N/A       100%        6


Dungeon Overview and Level Annotations

Branches:
Dungeon (12/15)            Temple (0/1) D:6             Orc (1/2) D:10
   Lair: D:8-11

Altars:
Ashenzari
Elyvilon
Fedhas
Kikubaaqudgha
Makhleb
Nemelex Xobeh
Qazlal
Sif Muna
Trog
Vehumet
Wu Jian
Yredelemnul
Zin
Lugonu

Shops:
D:5 (   D:8 *   D:11 !

Portals:
Abyss: D:4

Annotations:
D:3 1 runed translucent door, Crazy Yiuf
D:4 2 runed translucent doors, Sigmund
D:8 1 runed translucent door, Yorgos's ghost, novice DsBe
D:9 Gastronok
D:11 3 runed translucent doors, Urug; t4s4d4r's ghost, journeyman DgHu


Innate Abilities, Weirdness & Mutations

You have a pair of horns on your head.
You reflexively headbutt those who attack you in melee.


Message History

You feel very sick.
The death drake bites you but does no damage.
The orange demon barely misses you. You furiously retaliate!
You headbutt the orange demon!
The orange demon splashes around in the water.
The death drake breathes miasma at you. The foul vapour engulfs you.
You are more poisoned.
You feel much better.
You are engulfed in dark miasma.
You are more poisoned.
You feel extremely sick.
The death drake bites you but does no damage.
The orange demon stings you but does no damage.
The orange demon hits you. The death drake bites you.
The orange demon barely misses you.
The orange demon hits you but does no damage.
You feel extremely sick.
The orange demon splashes around in the water.
The death drake misses you.
* * * LOW HITPOINT WARNING * * *
You feel extremely sick.
As you read the scroll of fog, it crumbles to dust.
The scroll dissolves into smoke.
* * * LOW HITPOINT WARNING * * *
You feel extremely sick.
The death drake bites you but does no damage. x2
A tentacled starspawn comes into view.
* * * LOW HITPOINT WARNING * * *
You feel very sick.
The orange demon stings you but does no damage.
The death drake closely misses you. You furiously retaliate!
You headbutt the death drake. The orange demon misses you.
A red film seems to cover your vision as you go berserk!
You feel yourself moving faster!
You feel mighty!
You feel very sick. The death drake breathes miasma at you.
The foul vapour engulfs you!
You are lethally poisoned!
You feel as though you will be slow longer.
You die...

.≈≈≈≈≈≈≈≈...#.##
.. ... ≈≈≈≈≈≈≈
.....##.....##
##≈≈ ≈≈≈≈≈..##.
.#..#
#.≈≈≈≈≈≈≈≈##..
.. # #
#.#≈4≈♣≈≈≈# .###
#. #
...##.#°§§≈≈###
.##.
.....4##§#≈≈.#
## ##
#..##§k#≈≈≈#..#
...#§§@#§##≈#
###. #§§§## # .
##§... . .##.X..
. #....# .#
#.### . .. §§ .#


You could see a tentacled starspawn, a death drake (catching breath) and an
orange demon.

Vanquished Creatures
  An orc knight (D:10)
  Joseph (D:8)
  Maggie (D:9)
  5 gargoyles (D:7)
  An unseen horror (D:10)
  An efreet (D:9)
  A troll (D:10)
  13 yaks
  3 wyverns
  3 vampire mosquitoes (D:11)
  Edmund (D:5)
  A water moccasin (D:9)
  Duvessa (D:5)
  A small abomination (Abyss:1)
  14 orc warriors
  2 hornet zombies
  An ice beast (D:6)
  2 black bears
  2 sky beasts
  2 necrophages
  A centaur (D:9)
  An ogre (D:4)
  3 kobold brigands
  5 phantoms
  3 bullfrogs
  3 scorpions
  A water moccasin zombie (D:5)
  Dowan (D:5)
  5 killer bees (D:10)
  9 wights (D:8)
  3 howler monkeys (D:10)
  8 centaur zombies
  4 bullfrog zombies (D:5)
  A hound (D:3)
  A gnoll shaman (D:5)
  A jelly (D:6)
  8 orc priests
  A centaur skeleton (D:5)
  5 iguanas
  Terence (D:3)
  3 bullfrog skeletons
  Natasha (thrice) (D:3)
  2 scorpion zombies (D:5)
  8 orc wizards
  A hound skeleton (D:5)
  A hound zombie (D:5)
  5 howler monkey zombies
  Robin (D:4)
  12 gnolls
  17 adders
  2 river rats (D:3)
  A shadow imp (D:7)
  2 ufetubi
  2 worms (D:4)
  A dart slug (D:1)
  41 orcs
  4 endoplasms
  4 giant cockroaches
  12 goblins
  7 hobgoblins
  4 jackals (D:3)
  3 quokkas
  7 ball pythons
  A bat (D:3)
  2 frilled lizards (D:1)
  20 kobolds
  7 rats
  A starspawn tentacle (Abyss:1)
296 creatures vanquished.

Vanquished Creatures (others)
  4 plants (D:3)
  8 starspawn tentacles (Abyss:1)
  6 withered plants (D:5)
18 creatures vanquished.

Grand Total: 314 creatures vanquished

Notes
Turn   | Place    | Note
-------+----------+-------------------------------------------
     0 | D:1      | numbers123456 the Minotaur Berserker began the quest for
                  | the Orb.
     0 | D:1      | Reached XP level 1. HP: 19/19 MP: 0/0
   598 | D:1      | Reached XP level 2. HP: 18/27 MP: 1/1
  1294 | D:2      | Reached XP level 3. HP: 29/33 MP: 2/2
  1452 | D:2      | Reached ** piety under Trog
  1692 | D:2      | Found a faded altar of an unknown god.
  2450 | D:3      | Reached XP level 4. HP: 32/41 MP: 3/3
  2726 | D:3      | Found a white marble altar of Elyvilon.
  2815 | D:3      | Noticed Terence
  2817 | D:3      | Noticed Natasha
  2834 | D:3      | Killed Terence
  2835 | D:3      | Reached skill level 5 in Axes
  2843 | D:3      | Killed Natasha
  2844 | D:3      | Reached skill level 5 in Fighting
  2844 | D:3      | Reached XP level 5. HP: 10/48 MP: 4/4
  3328 | D:3      | Noticed Natasha
  3525 | D:4      | Noticed an ogre
  3553 | D:4      | Killed an ogre
  3554 | D:4      | Reached XP level 6. HP: 56/56 MP: 5/5
  3586 | D:4      | Reached skill level 5 in Armour
  3767 | D:4      | Found a large runed translucent door.
  3767 | D:4      | Found a large runed translucent door.
  3787 | D:4      | Found a corrupted altar of Lugonu.
  3813 | D:4      | Noticed Sigmund
  3861 | D:3      | Killed Natasha
  3964 | D:3      | Noticed Natasha
  3969 | D:3      | Killed Natasha
  4405 | D:3      | Found a runed translucent door.
  4406 | D:3      | Noticed Crazy Yiuf
  4725 | D:3      | Reached XP level 7. HP: 59/64 MP: 6/6
  4857 | D:4      | Reached *** piety under Trog
  4899 | D:4      | Found a one-way gate to the infinite horrors of the Abyss.
  4921 | D:4      | Noticed Robin
  4941 | D:4      | Killed Robin
  5341 | D:5      | Entered Level 5 of the Dungeon
  5725 | D:5      | Reached XP level 8. HP: 61/73 MP: 7/7
  5931 | D:5      | Noticed Dowan
  5933 | D:5      | Noticed Duvessa
  6129 | D:5      | Killed Duvessa
  6141 | D:5      | Killed Dowan
  6413 | D:5      | Noticed Edmund
  6429 | D:5      | Killed Edmund
  6577 | D:5      | Found Itiwadot's Antique Weapon Shoppe.
  6579 | D:5      | Reached **** piety under Trog
  6749 | D:5      | Reached XP level 9. HP: 63/82 MP: 8/8
  6908 | D:6      | Found a staircase to the Ecumenical Temple.
  7043 | D:6      | Reached skill level 1 in Evocations
  8082 | D:6      | Found an ornate altar of the Wu Jian Council.
  8417 | D:7      | Found a shimmering blue altar of Sif Muna.
  8577 | D:7      | Noticed a cyclops
  8917 | D:7      | Noticed a gargoyle
  8927 | D:7      | Killed a gargoyle
  8928 | D:7      | Reached skill level 10 in Fighting
  8928 | D:7      | Reached skill level 10 in Axes
  9003 | D:7      | Noticed a gargoyle
  9010 | D:7      | Noticed a gargoyle
  9010 | D:7      | Noticed a gargoyle
  9015 | D:7      | Killed a gargoyle
  9020 | D:7      | Killed a gargoyle
  9021 | D:7      | Reached XP level 10. HP: 31/94 MP: 9/9
  9029 | D:7      | HP: 3/141 [gargoyle/stone arrow (10)]
  9033 | D:7      | Killed a gargoyle
  9034 | D:7      | Reached skill level 10 in Armour
  9171 | D:7      | Noticed a gargoyle
  9183 | D:7      | Killed a gargoyle
 10138 | D:8      | Found a runed translucent door.
 10138 | D:8      | Noticed Yorgos's ghost (novice DsBe)
 10208 | D:8      | Reached skill level 1 in Throwing
 10933 | D:8      | Found a basalt altar of Yredelemnul.
 11033 | D:8      | Noticed Joseph
 11053 | D:8      | Killed Joseph
 11157 | D:8      | Noticed an angel
 11161 | D:8      | Found Gyclol's Hallowed Reliquary.
 11168 | D:8      | Bought a potion of heal wounds for 75 gold pieces
 11168 | D:8      | Bought a potion of curing for 45 gold pieces
 11478 | D:9      | Reached skill level 5 in Evocations
 11509 | D:9      | Found an ancient bone altar of Kikubaaqudgha.
 11881 | D:9      | Found a broken altar of Ashenzari.
 11947 | D:9      | Noticed Maggie
 11959 | D:9      | Killed Maggie
 11960 | D:9      | Reached XP level 11. HP: 101/102 MP: 10/10
 11996 | D:9      | Found a burning altar of Makhleb.
 12010 | D:9      | Found a radiant altar of Vehumet.
 12013 | D:9      | Found a sparkling altar of Nemelex Xobeh.
 12016 | D:9      | Found a blossoming altar of Fedhas.
 12071 | D:9      | Noticed Gastronok
 12626 | D:10     | Entered Level 10 of the Dungeon
 13112 | D:10     | Reached ***** piety under Trog
 13303 | D:10     | Found a glowing silver altar of Zin.
 13545 | D:10     | Found a stormy altar of Qazlal.
 13568 | D:10     | Found a bloodstained altar of Trog.
 13570 | D:10     | Noticed a two-headed ogre
 13796 | D:10     | Found a staircase to the Orcish Mines.
 13811 | D:10     | Received a gift from Trog
 14258 | Orc:1    | Entered Level 1 of the Orcish Mines
 14258 | Orc:1    | Noticed an orc knight
 14277 | Orc:1    | Noticed an orc sorcerer
 14328 | D:10     | Killed an orc knight
 14665 | D:11     | Found a runed translucent gate.
 14665 | D:11     | Found a runed translucent gate.
 14665 | D:11     | Found a runed translucent gate.
 14676 | D:11     | Noticed a seven-headed hydra
 14680 | D:11     | Noticed t4s4d4r's ghost (journeyman DgHu)
 14701 | D:11     | Found Xuxiomub's Distillery.
 14704 | D:11     | Bought 2 potions of heal wounds for 140 gold pieces
 14704 | D:11     | Bought a potion of degeneration for 14 gold pieces
 14708 | D:11     | Noticed Urug
 14727 | D:11     | Cast into level 1 of the Abyss (Urug)
 14784 | Abyss:1  | Noticed a tentacled starspawn
 14804 | Abyss:1  | Noticed a starcursed mass
 14827 | Abyss:1  | Noticed a thrashing horror
 14872 | Abyss:1  | Noticed a death drake
 14883 | Abyss:1  | Noticed a tentacled starspawn
 14884 | Abyss:1  | Killed from afar by a death drake

Illustrated notes

Levels and vault maps discovered:
D:1:      minmay_arrival_up_and_down, layout_rooms
D:2:      layout_basic, chequers_ecumenical_altar_simple_redux
D:3:      layout_basic, nicolae_elyvilon_temple_path, portal_sewer_entry_b,
          chequers_serial_rivers_room_a, uniq_natasha, uniq_terence,
          uniq_crazy_yiuf_cottage
D:4:      due_chaos_kobolds, layout_loops_ring, uniq_robin, uniq_sigmund
D:5:      layout_basic, serial_undead, serial_undead_f, serial_undead_c,
          serial_undead_f, serial_undead_c, kennysheep_small_square,
          uniq_edmund, uniq_duvessa
D:6:      layout_loops_ring, lemuel_doored_altar,
          minmay_temple_entry_statues_fountains, bh_walls_and_bars
D:7:      cheibrodos_statue_roulette, layout_loops_cross, led_sif_pool,
          kennysheep_generic_room_3
D:8:      layout_basic, lemuel_zombie_altar_yredelemnul,
          ebering_ghost_inner_flame, nicolae_good_shop, uniq_joseph
D:9:      layout_roguey, kiku_gazebo_pond_becter, nicolae_ashenzari_skybound,
          grunt_temple_overflow_cloverleaf, uniq_maggie, uniq_gastronok
D:10:     layout_rooms, amcnicky_altar_gilded, mainiacjoe_overflow_big_doors,
          david_orc_4, chequers_serial_rivers_micro_e
D:11:     layout_rooms, grunt_lair_entry_orc_guard_hut,
          gammafunk_ghost_necromancy, nicolae_take_the_stairs,
          nicolae_shop_self_help, uniq_urug
D:12:     layout_big_octagon, nicolae_trove_entry_diagonal,
          ploomutoo_gammafunk_ghost_potion_laboratory
Orc:1:    layout_caves, serial_shops, nicolae_shop_crystal
Abyss:1:  base:
Sewer

Skill      XL: |  1  2  3  4  5  6  7  8  9 10 11 |
---------------+----------------------------------+-----
Axes           | 4 5 6 7 8 10 11 12 | 12.5
Fighting       | 4 5 6 7 8 10 11 12 | 12.5
Armour         | 3 4 5 6 8 9 11 12 | 12.2
Evocations     | 3 5 |  5.2
Throwing       | 3 |  3.2
Dodging        | |  2.2

Action                   |  1- 3 |  4- 6 |  7- 9 | 10-12 || total
-------------------------+-------+-------+-------+-------++-------
Melee: Hand axe          |    71 |   101 |   488 |    35 ||   695
       Headbutt          |     9 |    14 |    97 |    68 ||   188
       Punch             |       |     1 |     5 |       ||     6
       Battleaxe         |       |       |       |   268 ||   268
       Broad axe         |       |       |       |    46 ||    46
Throw: Dart              |    10 |    29 |    25 |    98 ||   162
       Stone             |     1 |    11 |       |       ||    12
Invok: Trog's Hand       |       |       |     5 |     4 ||     9
       Berserk           |       |       |     2 |     2 ||     4
Evoke: Wand              |       |       |     2 |     4 ||     6
  Use: Potion            |       |     1 |     1 |     3 ||     5
       Scroll            |       |       |     3 |     6 ||     9
Armor: Animal skin       |     3 |       |       |       ||     3
       Leather armour    |     1 |    26 |     5 |       ||    32
       Ring mail         |       |       |    46 |       ||    46
       Chain mail        |       |       |   101 |       ||   101
       Plate armour      |       |       |    41 |   221 ||   262
Dodge: Dodged            |    34 |    74 |   172 |   187 ||   467

Table legend: (Time is in decaauts)
 A = Elapsed time spent in this place.
 B = Non-inter-level travel time spent in this place.
 C = Inter-level travel time spent in this place.
 D = Time resting spent in this place.
 E = Time spent auto-exploring this place.
 F = Levels seen in this place.
 G = Mean time per level.
                   A        B        C        D        E       F      G
               +--------+--------+--------+--------+--------+-----+--------+
         Total |  14931 |  14541 |    390 |   4217 |   6575 |  14 | 1066.5 |
       Dungeon |  14757 |  14367 |    390 |   4206 |   6575 |  12 | 1229.8 |
  Orcish Mines |     12 |     12 |      0 |      0 |      0 |   1 |   12.0 |
         Abyss |    160 |    160 |      0 |     11 |      0 |   1 |  160.0 |
               +--------+--------+--------+--------+--------+-----+--------+

Top non-repeatable levels by time:
    D:10: 1919 daAuts
     D:3: 1837 daAuts
     D:5: 1734 daAuts
     D:7: 1537 daAuts
     D:8: 1512 daAuts
     D:9: 1314 daAuts
     D:2: 1284 daAuts
     D:6: 1224 daAuts
     D:4: 1174 daAuts
     D:1: 1158 daAuts
 Abyss:1: 160 daAuts
    D:11: 58 daAuts
   Orc:1: 12 daAuts
    D:12: 2 daAuts
